MLB
SAN DIEGO PADRES @ SAN FRANCISCO GIANTS
08/22/2048
 
TOP OF THE 1ST
San Diego Padres batting - Pitching for San Francisco Giants : RHP Keith Kidd
Pitching: RHP Keith Kidd
Batting: RHB Hildo Pot 0-0: Ball
1-0: Called Strike
1-1: Ball
2-1: Ball
3-1: Base on Balls
Batting: SHB Phil Zacharia 0-0: Sac Bunt to 13S - play at first, batter OUT! 1-3
Hildo Pot to second
Batting: RHB Manny Vergara 0-0: Ball
1-0: Ball
2-0: Ball
3-0: Base on Balls
Batting: SHB Jerry Luckwell 0-0: Ball
1-0: Called Strike
1-1: Ball
2-1: Foul Ball, location: 2F
2-2: Reached on error, E3 (Groundball, 3S, EV 89.4 MPH)
Hildo Pot to third
Manny Vergara to second
Batting: RHB Kaeo Zirpoli 0-0: Ball
1-0: Foul Ball, location: 2F
1-1: Swinging Strike
1-2: Ball
2-2: Strikes out swinging
Batting: RHB Hugo Bautista 0-0: Ball
1-0: Called Strike
1-1: Ball
2-1: Ground out 4-3 (Groundball, 34D, EV 104.4 MPH)
Top of the 1st over - 0 runs, 0 hits, 1 error, 3 left on base; San Diego 0 - San Francisco 0
BOTTOM OF THE 1ST
San Francisco Giants batting - Pitching for San Diego Padres : LHP Jim Turan
Pitching: LHP Jim Turan
Batting: LHB Andy Bowman 0-0: Ball
1-0: Ball
2-0: Ball
3-0: Called Strike
3-1: Foul Ball, location: 2F
3-2: Fly out, F5 (Popup, 5F, EV 71.9 MPH)
Batting: RHB Nick Rigden 0-0: Ball
1-0: Foul Ball, location: 2F
1-1: Ball
2-1: Fly out, F7 (Line Drive, 7, EV 97.5 MPH)
Batting: LHB Jack Henningar 0-0: Swinging Strike
0-1: Ball
1-1: Ball
2-1: Ball
3-1: Base on Balls
Batting: SHB Bill Dooms 0-0: Called Strike
0-1: Called Strike
0-2: Ball
1-2: Strikes out swinging
Bottom of the 1st over - 0 runs, 0 hits, 0 errors, 1 left on base; San Diego 0 - San Francisco 0
TOP OF THE 2ND
San Diego Padres batting - Pitching for San Francisco Giants : RHP Keith Kidd
Batting: RHB Elijah Campbell 0-0: Called Strike
0-1: Ball
1-1: SINGLE (Line Drive, 7S, EV 91.9 MPH)
Batting: LHB Mike Holt 0-0: Foul Ball, location: 2F
0-1: Ball
1-1: Ball
2-1: Foul Ball, location: 2F
2-2: DOUBLE (Line Drive, 7LS, EV 107.5 MPH)
Elijah Campbell to third
Runner from 3rd tries for Home, SAFE, no throw by LF
Batting: RHB Luis Torres 0-0: Ball
Wild Pitch!
Mike Holt to third
1-0: Foul Ball, location: 2F
1-1: Ball
2-1: Ball
3-1: Fly out, F9 (Flyball, 89M, EV 90.6 MPH)
Runner from 3rd tags up, SCORES, no throw by RF
Batting: RHB Hildo Pot 0-0: Swinging Strike
0-1: Ball
1-1: Foul Ball, location: 2F
1-2: Ball
2-2: Foul Ball, location: 2F
2-2: DOUBLE (Line Drive, 89M, EV 105.0 MPH)
Batting: SHB Phil Zacharia 0-0: Ball
1-0: Called Strike
1-1: Ball
2-1: Ball
3-1: Called Strike
3-2: SINGLE (Groundball, 5D, EV 95.0 MPH)
Hildo Pot to third
Runner from 3rd tries for Home, throw by LF and OUT! 7-2
Batting: RHB Manny Vergara 0-0: Ball
1-0: SINGLE (Line Drive, 8RS, EV 89.4 MPH)
Phil Zacharia to second
Batting: SHB Jerry Luckwell 0-0: Called Strike
0-1: Ball
1-1: Ball
2-1: Fielders Choice at 2nd, U6 (Groundball, 6M, EV 86.2 MPH)
Top of the 2nd over - 2 runs, 5 hits, 0 errors, 2 left on base; San Diego 2 - San Francisco 0
BOTTOM OF THE 2ND
San Francisco Giants batting - Pitching for San Diego Padres : LHP Jim Turan
Batting: SHB Ryan Doss 0-0: Called Strike
0-1: Foul Ball, location: 2F
0-2: Foul Ball, location: 2F
0-2: Strikes out swinging
Batting: LHB Carey Horncole 0-0: Ball
1-0: Foul Ball, location: 2F
1-1: Called Strike
1-2: Ball
2-2: Foul Ball, location: 2F
2-2: Ball
3-2: Foul Ball, location: 2F
3-2: Base on Balls
Batting: RHB Lucan Esini 0-0: Foul Ball, location: 2F
0-1: Foul Ball, location: 2F
0-2: Grounds into double play, 6-4-3 (Groundball, 6M, EV 95.0 MPH)
Bottom of the 2nd over - 0 runs, 0 hits, 0 errors, 0 left on base; San Diego 2 - San Francisco 0
TOP OF THE 3RD
San Diego Padres batting - Pitching for San Francisco Giants : RHP Keith Kidd
Batting: RHB Kaeo Zirpoli 0-0: Ball
1-0: Called Strike
1-1: Fly out, F9 (Line Drive, 89M, EV 100.6 MPH)
Batting: RHB Hugo Bautista 0-0: Called Strike
0-1: Ball
1-1: Swinging Strike
1-2: Foul Ball, location: 2F
1-2: Ground out 6-3 (Groundball, 6, EV 76.2 MPH)
Batting: RHB Elijah Campbell 0-0: Ball
1-0: Called Strike
1-1: Ground out 4-3 (Groundball, 4, EV 83.8 MPH)
Top of the 3rd over - 0 runs, 0 hits, 0 errors, 0 left on base; San Diego 2 - San Francisco 0
BOTTOM OF THE 3RD
San Francisco Giants batting - Pitching for San Diego Padres : LHP Jim Turan
Batting: RHB Nate Hodson 0-0: SINGLE (Line Drive, 78S, EV 106.9 MPH)
Batting: LHB Luis Magdaleno 0-0: Ball
1-0: SINGLE (Flyball, 78S, EV 96.2 MPH)
Nate Hodson to second
Runner from 2nd tries for 3rd, OUT! 7-5
Batting: LHB Andy Bowman 0-0: Ball
1-0: Fielders Choice at 2nd, 2-4 (Groundball, 15S, EV 69.4 MPH)
Batting: RHB Nick Rigden 0-0: Ball
1-0: Ball
2-0: Called Strike
2-1: Ball
3-1: Called Strike
3-2: Fly out, F7 (Flyball, 7, EV 88.8 MPH)
Bottom of the 3rd over - 0 runs, 2 hits, 0 errors, 1 left on base; San Diego 2 - San Francisco 0
TOP OF THE 4TH
San Diego Padres batting - Pitching for San Francisco Giants : RHP Keith Kidd
Batting: LHB Mike Holt 0-0: SINGLE (Groundball, 6, EV 100.0 MPH)
Batting: RHB Luis Torres 0-0: SINGLE (Groundball, 34D, EV 106.2 MPH) (infield hit)
Mike Holt to second
Pinch Runner at 1st Masashi Yukizawa:
Batting: RHB Hildo Pot 0-0: Swinging Strike
0-1: Called Strike
0-2: Fly out, F3 (Popup, 34S, EV 85.6 MPH)
Batting: SHB Phil Zacharia 0-0: Foul Ball, location: 2F
0-1: Ball
1-1: Foul Ball, location: 2F
1-2: Ball
2-2: Ball
3-2: Foul Ball, location: 2F
3-2: 3-RUN HOME RUN (Flyball, 9D, EV 108.8 MPH), Distance : 410 ft
Batting: RHB Manny Vergara 0-0: Ground out 4-3 (Groundball, 4S, EV 68.8 MPH)
Batting: SHB Jerry Luckwell 0-0: Called Strike
0-1: Ball
1-1: Called Strike
1-2: Ball
2-2: Foul Ball, location: 2F
2-2: Ball
3-2: Fly out, F8 (Flyball, 8LD, EV 85.0 MPH)
Top of the 4th over - 3 runs, 3 hits, 0 errors, 0 left on base; San Diego 5 - San Francisco 0
BOTTOM OF THE 4TH
San Francisco Giants batting - Pitching for San Diego Padres : LHP Jim Turan
Now at SS: Masashi Yukizawa
Batting: LHB Jack Henningar 0-0: Fly out, F8 (Line Drive, 8LS, EV 86.2 MPH)
Batting: SHB Bill Dooms 0-0: Foul Ball, location: 2F
0-1: Fly out, F7 (Line Drive, 7D, EV 93.1 MPH)
Batting: SHB Ryan Doss 0-0: Ball
1-0: Foul Ball, location: 2F
1-1: Ball
2-1: Foul Ball, location: 2F
2-2: Foul Ball, location: 2F
2-2: Fly out, F8 (Flyball, 8RD, EV 107.5 MPH)
Bottom of the 4th over - 0 runs, 0 hits, 0 errors, 0 left on base; San Diego 5 - San Francisco 0
TOP OF THE 5TH
San Diego Padres batting - Pitching for San Francisco Giants : RHP Keith Kidd
Batting: RHB Kaeo Zirpoli 0-0: Ball
1-0: Foul Ball, location: 2F
1-1: Foul Ball, location: 2F
1-2: Strikes out swinging
Batting: RHB Hugo Bautista 0-0: Called Strike
0-1: Swinging Strike
0-2: Ball
1-2: Strikes out swinging
Batting: RHB Elijah Campbell 0-0: Called Strike
0-1: Swinging Strike
0-2: Strikes out swinging
Top of the 5th over - 0 runs, 0 hits, 0 errors, 0 left on base; San Diego 5 - San Francisco 0
BOTTOM OF THE 5TH
San Francisco Giants batting - Pitching for San Diego Padres : LHP Jim Turan
Batting: LHB Carey Horncole 0-0: Ball
1-0: Ball
2-0: Ball
3-0: Base on Balls
Batting: RHB Lucan Esini 0-0: Ball
1-0: Ball
2-0: Fly out, F9 (Flyball, 9D, EV 103.1 MPH)
Batting: RHB Nate Hodson 0-0: Ground out 5-3 (Groundball, 56S, EV 69.4 MPH)
Carey Horncole to second
Batting: LHB Luis Magdaleno 0-0: Ball
1-0: Fly out, F6 (Popup, 4MS, EV 67.5 MPH)
Bottom of the 5th over - 0 runs, 0 hits, 0 errors, 1 left on base; San Diego 5 - San Francisco 0
TOP OF THE 6TH
San Diego Padres batting - Pitching for San Francisco Giants : RHP Keith Kidd
Pitching: LHP Tyler Stancil
Batting: LHB Mike Holt 0-0: Called Strike
0-1: Foul Ball, location: 2F
0-2: Strikes out looking
Batting: RHB Masashi Yukizawa 0-0: Called Strike
0-1: Ball
1-1: SOLO HOME RUN (Flyball, 7D, EV 98.1 MPH), Distance : 371 ft
Batting: RHB Hildo Pot 0-0: Called Strike
0-1: Ball
1-1: Ball
2-1: Swinging Strike
2-2: Ball
3-2: Foul Ball, location: 2F
3-2: Foul Ball, location: 2F
3-2: Strikes out swinging
Batting: SHB Phil Zacharia 0-0: Swinging Strike
0-1: Ball
1-1: Ball
2-1: Foul Ball, location: 2F
2-2: SOLO HOME RUN (Flyball, 9D, EV 94.4 MPH), Distance : 378 ft
Batting: RHB Manny Vergara 0-0: Called Strike
0-1: Ball
1-1: Ball
2-1: Ball
3-1: Foul Ball, location: 2F
3-2: Base on Balls
Batting: SHB Jerry Luckwell 0-0: Called Strike
0-1: Ball
1-1: Called Strike
1-2: Strikes out swinging, 2-3 out at first.
Top of the 6th over - 2 runs, 2 hits, 0 errors, 1 left on base; San Diego 7 - San Francisco 0
BOTTOM OF THE 6TH
San Francisco Giants batting - Pitching for San Diego Padres : LHP Jim Turan
Batting: LHB Andy Bowman 0-0: Ground out U3 (Groundball, 3, EV 104.4 MPH)
Batting: RHB Nick Rigden 0-0: Ball
1-0: Ball
2-0: Ball
3-0: Called Strike
3-1: Base on Balls
Batting: LHB Jack Henningar 0-0: Fielders Choice at 2nd, 1-6 (Groundball, 13S, EV 68.1 MPH)
Batting: SHB Bill Dooms 0-0: Ball
1-0: Ball
2-0: Ball
3-0: Called Strike
3-1: Called Strike
3-2: Strikes out swinging
Bottom of the 6th over - 0 runs, 0 hits, 0 errors, 1 left on base; San Diego 7 - San Francisco 0
TOP OF THE 7TH
San Diego Padres batting - Pitching for San Francisco Giants : LHP Tyler Stancil
Pitching: LHP Chris Moris
Batting: RHB Kaeo Zirpoli 0-0: Called Strike
0-1: Foul Ball, location: 2F
0-2: Strikes out swinging
Batting: RHB Hugo Bautista 0-0: Ball
1-0: SINGLE (Groundball, 6MD, EV 103.1 MPH) (infield hit)
Batting: RHB Elijah Campbell 0-0: Swinging Strike
0-1: Ball
1-1: Fielders Choice at 2nd, 3-6 (Groundball, 3, EV 78.1 MPH)
Batting: LHB Mike Holt 0-0: Ball
1-0: Called Strike
1-1: Ball
Wild Pitch!
Elijah Campbell to second
2-1: DOUBLE (Line Drive, 8LXD, EV 102.5 MPH)
Elijah Campbell scores
Batting: RHB Masashi Yukizawa 0-0: Called Strike
0-1: Ball
1-1: Called Strike
1-2: Ground out 6-3 (Groundball, 6M, EV 80.0 MPH)
Top of the 7th over - 1 run, 2 hits, 0 errors, 1 left on base; San Diego 8 - San Francisco 0
BOTTOM OF THE 7TH
San Francisco Giants batting - Pitching for San Diego Padres : LHP Jim Turan
Batting: SHB Ryan Doss 0-0: Called Strike
0-1: Ball
1-1: Ball
2-1: Foul Ball, location: 2F
2-2: Strikes out swinging
Batting: LHB Carey Horncole 0-0: Ball
1-0: Fly out, F3 (Popup, 3L, EV 66.9 MPH)
Batting: RHB Lucan Esini 0-0: Ball
1-0: Foul Ball, location: 2F
1-1: Called Strike
1-2: Strikes out swinging
Bottom of the 7th over - 0 runs, 0 hits, 0 errors, 0 left on base; San Diego 8 - San Francisco 0
TOP OF THE 8TH
San Diego Padres batting - Pitching for San Francisco Giants : LHP Chris Moris
Batting: RHB Hildo Pot 0-0: Ball
1-0: Foul Ball, location: 2F
1-1: Fly out, F7 (Flyball, 78S, EV 89.4 MPH)
Batting: SHB Phil Zacharia 0-0: Ball
1-0: Ball
2-0: Ball
3-0: Called Strike
3-1: Foul Ball, location: 2F
3-2: Ground out 3-1 (Groundball, 3D, EV 107.5 MPH)
Batting: RHB Manny Vergara 0-0: SINGLE (Groundball, P, EV 91.9 MPH) (infield hit)
Batting: SHB Jerry Luckwell 0-0: Ball
1-0: Ball
2-0: Foul Ball, location: 2F
2-1: Fly out, F8 (Flyball, 8RD, EV 101.2 MPH)
Top of the 8th over - 0 runs, 1 hit, 0 errors, 1 left on base; San Diego 8 - San Francisco 0
BOTTOM OF THE 8TH
San Francisco Giants batting - Pitching for San Diego Padres : LHP Jim Turan
Pitching: RHP Matt Decker
Batting: RHB Nate Hodson 0-0: Foul Ball, location: 2F
0-1: Foul Ball, location: 2F
0-2: Strikes out swinging
Batting: LHB Luis Magdaleno 0-0: Ball
1-0: Called Strike
1-1: Foul Ball, location: 2F
1-2: Strikes out swinging
Batting: LHB Andy Bowman 0-0: Called Strike
0-1: Swinging Strike
0-2: Ball
1-2: Strikes out swinging
Bottom of the 8th over - 0 runs, 0 hits, 0 errors, 0 left on base; San Diego 8 - San Francisco 0
TOP OF THE 9TH
San Diego Padres batting - Pitching for San Francisco Giants : LHP Chris Moris
Batting: RHB Kaeo Zirpoli 0-0: Called Strike
0-1: Ball
1-1: Ball
2-1: Called Strike
2-2: Foul Ball, location: 2F
2-2: Ball
3-2: Base on Balls
Pitching: RHP Alex Montes
Batting: RHB Hugo Bautista 0-0: Called Strike
0-1: Ball
1-1: Called Strike
1-2: Ball
2-2: Foul Ball, location: 2F
2-2: Fielders Choice at 2nd, 5-4 (Groundball, 56S, EV 83.8 MPH)
Batting: RHB Elijah Campbell 0-0: Ball
1-0: Grounds into double play, 4-6-3 (Groundball, 4M, EV 102.5 MPH)
Top of the 9th over - 0 runs, 0 hits, 0 errors, 0 left on base; San Diego 8 - San Francisco 0
BOTTOM OF THE 9TH
San Francisco Giants batting - Pitching for San Diego Padres : RHP Matt Decker
Batting: RHB Nick Rigden 0-0: DOUBLE (Line Drive, 8RXD, EV 99.4 MPH)
Batting: LHB Jack Henningar 0-0: Called Strike
0-1: Ground out 4-3 (Groundball, 4, EV 88.1 MPH)
Nick Rigden to third
Batting: SHB Bill Dooms 0-0: Swinging Strike
0-1: Foul Ball, location: 2F
0-2: Foul Ball, location: 2F
0-2: Ball
1-2: Strikes out swinging
Batting: SHB Ryan Doss 0-0: Swinging Strike
0-1: Ball
1-1: SINGLE (Groundball, 4, EV 106.9 MPH)
Nick Rigden scores
Batting: LHB Carey Horncole 0-0: Ball
1-0: Ball
2-0: Foul Ball, location: 2F
2-1: Swinging Strike
2-2: DOUBLE (Line Drive, 9LM, EV 110.6 MPH)
Ryan Doss to third
Batting: RHB Lucan Esini 0-0: Ball
1-0: Foul Ball, location: 2F
1-1: Foul Ball, location: 2F
1-2: Ball
2-2: Strikes out swinging
Bottom of the 9th over - 1 run, 3 hits, 0 errors, 2 left on base; San Diego 8 - San Francisco 1
Tuesday, March 28th , 2023 - OOTP Baseball 23.10 Build 110